 Dungeon Crawl Stone Soup version 0.23-a0-389-g4a5eb33 (webtiles) character file.

40 Garbasso the Skirmisher (level 3, -2/35 HPs)
             Began as a Gnoll Wanderer on Oct 29, 2018.
             Killed from afar by Sigmund (9 damage)
             ... with a magic dart
             ... on level 2 of the Dungeon.
             The game lasted 00:02:57 (1144 turns).

Garbasso the Skirmisher (Gnoll Wanderer)            Turns: 1144, Time: 00:02:58

Health: -2/35      AC:  7    Str: 14    XL:     3   Next: 50%
Magic:  4/4        EV:  7    Int: 15    God:
Gold:   60         SH:  7    Dex: 14    Spells: 3/3 levels left

rFire    . . .     SeeInvis +   b - +0 falchion
rCold    . . .     Gourm    .   m - +0 shield
rNeg     . . .     Faith    .   d - +0 ring mail
rPois    +         Spirit   .   (no helmet)
rElec    .         Reflect  .   r - +0 cloak
rCorr    .         Harm     .   o - +0 pair of gloves
MR       .....                  (no boots)
Stlth    +.........             (no amulet)
HPRegen  0.11/turn              h - ring of poison resistance
MPRegen  0.09/turn              n - ring of see invisible

@: no status effects
A: distributed training, fangs 1, strong nose
a: no special abilities


You were on level 2 of the Dungeon.
You were hungry.

You visited 1 branch of the dungeon, and saw 2 of its levels.

You collected 60 gold pieces.

Inventory:

Hand Weapons
 a - a +2 hand crossbow
 b - a +0 falchion (weapon)
Missiles
 c - 43 bolts
Armour
 d - a +0 ring mail (worn)
 m - a +0 shield (worn)
 o - a +0 pair of gloves (worn)
 r - a +0 cloak (worn)
Jewellery
 h - a ring of poison resistance (left hand)
 i - an uncursed amulet of regeneration {unknown}
 j - an uncursed ring of stealth
 n - a ring of see invisible (right hand)
Wands
 p - a wand of random effects (17)
Scrolls
 e - 2 scrolls of identify {unknown}
 k - a scroll of fog {unknown}
 q - a scroll of teleportation {unknown}
Potions
 g - 2 potions of curing
 l - a potion of heal wounds {unknown}
 s - 2 potions of mutation {unknown}
Comestibles
 f - 5 rations
 t - a chunk of flesh


   Skills:
 + Level 6.5 Fighting
 + Level 0.8 Short Blades
 + Level 4.5 Long Blades
 + Level 0.8 Axes
 + Level 0.8 Maces & Flails
 + Level 0.8 Polearms
 + Level 0.8 Staves
 + Level 0.8 Slings
 + Level 0.8 Bows
 + Level 4.5 Crossbows
 + Level 0.8 Throwing
 + Level 2.6 Armour
 + Level 0.8 Dodging
 + Level 2.4 Stealth
 + Level 0.8 Shields
 + Level 0.8 Unarmed Combat
 + Level 0.8 Spellcasting
 + Level 0.5 Conjurations
 + Level 0.5 Hexes
 + Level 0.5 Charms
 + Level 0.5 Summonings
 + Level 0.5 Necromancy
 + Level 0.5 Translocations
 + Level 0.5 Transmutations
 + Level 0.5 Fire Magic
 + Level 0.5 Ice Magic
 + Level 0.5 Air Magic
 + Level 0.5 Earth Magic
 + Level 0.5 Poison Magic
 + Level 1.0 Invocations
 + Level 2.6 Evocations


You had 3 spell levels left.
You didn't know any spells.
Your spell library was empty.

Dungeon Overview and Level Annotations

Branches:
Dungeon (2/15)

Altars:

Annotations:
D:2 Sigmund


Innate Abilities, Weirdness & Mutations

Your experience applies equally to all skills.
You have very sharp teeth.
Your uncanny sense of smell can sniff out nearby items.


Message History

Sigmund hits you from afar with a +0 scythe.
You bump into the rock wall.
You're too confused to move!
Sigmund hits you from afar with a +0 scythe.
You feel less confused.
Sigmund points at you and mumbles some strange words.
The magic dart hits you!
* * * LOW HITPOINT WARNING * * *
Evoke which item? (* to show all) (? for menu, Esc to quit)
Aiming: Random Effects
Press: ? - help, Shift-Dir - straight line, f - Sigmund
Aim: Sigmund, wielding a +0 scythe and wearing a +0 robe (slightly transparent)
The mass of ice explodes!
The iceblast engulfs Sigmund.
Sigmund is severely wounded.
The iceblast engulfs the leopard gecko.
You kill the leopard gecko!
Your Invocations skill increases to level 1!
Sigmund gestures at you while chanting. The magic dart hits you!
You die...

....# #... ....#####
#..# ∆ ##......# #..#
#......# #.l# #......#
#..# ##......###.÷#
#.......'..l.#
#.......###.##########..
#.####### #.†@..@.......
#.# ############.. #.#
#<# #.# #.# #.# #.# #.#
#.# #(# #.# #.# #.# #.#
#.#


You could see Sigmund (invisible).

Vanquished Creatures
  An adder (D:2)
  An ooze (D:1)
  A dart slug (D:1)
  3 leopard geckos
  A giant cockroach (D:1)
  A goblin (D:1)
  2 hobgoblins
  4 jackals (D:1)
  A kobold (D:1)
  2 bats
  A frilled lizard (D:1)
  4 rats (D:1)
22 creatures vanquished.

Notes
Turn   | Place    | Note
-------+----------+-------------------------------------------
     0 | D:1      | Garbasso the Gnoll Wanderer began the quest for the Orb.
     0 | D:1      | Garbasso set off with the following items: a +2 hand
                  | crossbow, 29 bolts, a +0 falchion, a +0 ring mail, a ration
     0 | D:1      | Reached XP level 1. HP: 23/23 MP: 2/2
   174 | D:1      | Reached XP level 2. HP: 29/29 MP: 3/3
   670 | D:1      | Reached XP level 3. HP: 35/35 MP: 4/4
   741 | D:2      | Noticed Terence
  1119 | D:2      | Noticed Sigmund
  1144 | D:2      | Reached skill level 1 in Invocations
  1144 | D:2      | Killed from afar by Sigmund

Vault maps used:
D:1:      dpeg_arrival_rhombi, serial_forest, infiniplex_forest_clump_double,
          infiniplex_forest_corner_2, infiniplex_forest_straight_2,
          infiniplex_forest_lined_4_way
D:2:      first_ration, uniq_terence, uniq_sigmund

Skill      XL: |  1  2  3 |
---------------+----------+-----
Invocations    | 1 |  1.0
Fighting       | |  6.5
Short Blades   | |  0.8
Long Blades    | |  4.5
Axes           | |  0.8
Maces & Flails | |  0.8
Polearms       | |  0.8
Staves         | |  0.8
Slings         | |  0.8
Bows           | |  0.8
Crossbows      | |  4.5
Throwing       | |  0.8
Armour         | |  2.6
Dodging        | |  0.8
Stealth        | |  2.4
Shields        | |  0.8
Unarmed Combat | |  0.8
Spellcasting   | |  0.8
Conjurations   | |  0.5
Hexes          | |  0.5
Charms         | |  0.5
Summonings     | |  0.5
Necromancy     | |  0.5
Translocations | |  0.5
Transmutations | |  0.5
Fire Magic     | |  0.5
Ice Magic      | |  0.5
Air Magic      | |  0.5
Earth Magic    | |  0.5
Poison Magic   | |  0.5
Evocations     | |  2.6

Action                   || total
-------------------------++-------
Melee: Falchion          ||    65
       Bite              ||     5
 Fire: Hand crossbow     ||     9
Evoke: Wand              ||     1
 Stab: Sleeping          ||     2
Armor: Ring mail         ||    23
Dodge: Dodged            ||    28
Block: Shield            ||    16
       Rpst.: Falchion   ||     7

Table legend:
 A = Non-vault XP
 B = Vault XP
 C = Vault XP percentage of total XP
 D = Non-vault monster count
 E = Vault monster count
 F = Vault count percentage of total count
                 A         B        C        D         E       F
            +---------+---------+-------+---------+---------+-------
      Total |      58 |       0 |   0.0 |      22 |       0 |   0.0
            +---------+---------+-------+---------+---------+-------
        D:1 |      39 |       0 |   0.0 |      18 |       0 |   0.0
        D:2 |      19 |       0 |   0.0 |       4 |       0 |   0.0
            +---------+---------+-------+---------+---------+-------
